AoeStats
← Happytheandy

Lombardia

509394519Analyzed
4v4 RM · 5d ago on Sep 26, 2026· 64m 47s· 8 players
Game mode
Random Map
Map size
Large (8 player)
Population
200
Speed
Normal
Resources
Standard
Victory
Conquest
Starting age
Dark Age
Ending age
Imperial Age
RankedLock teamsTeams togetherTeam positionsShared explorationLock speedFull tech treeHidden civsTurbo modeCheats
Victory
Defeat
🇬🇧 Franks · United Kingdom
1907
+12
🇬🇧 Spanish · United Kingdom
1837
+15
🇬🇧 Saxons · United Kingdom
1810
+16
🇿🇦 Varangians · South Africa
1777
+18
🇹🇼 Varangians · Taiwan
1894
-17
🇹🇼 Danes · Taiwan
1887
-18
🇹🇼 Saxons · Taiwan
1852
-17
🇹🇼 Britons · Taiwan
1643
-9
DYS.K
8:29 Loom
10:15 Feudal Age
8:41 Loom
10:27 Feudal Age
14:54 Castle Age
13:07 Double-Bit Axe
13:03 Horse Collar
15:57 Bow Saw
16:31 Wheelbarrow
21:26 Gold Mining
23:03 Fletching
24:30 Padded Archer Armor
25:15 Bodkin Arrow
26:57 Hand Cart
27:45 Ballistics
32:57 Imperial Age
30:48 Leather Archer Armor
30:23 Treadmill Crane
31:21 Guard Tower
32:15 Yeomen
32:37 Town Watch
32:59 Caravan
33:40 Bracer
34:41 Chemistry
33:33 Guard Tower
33:44 Elite Longbowman
35:02 Arrowslits
35:44 Masonry
36:51 Conscription
37:07 Warwolf
37:58 Keep
37:54 Architecture
38:06 Ring Archer Armor
38:02 Stone Mining
39:14 Murder Holes
40:32 Hoardings
40:42 Coinage
47:29 Scale Mail Armor
47:39 Forging
48:12 Banking
47:51 Pikeman
48:32 Squires
51:18 Halberdier
53:10 Warwolf
52:32 Elite Skirmisher
53:41 Chain Mail Armor
54:02 Iron Casting
56:02 Plate Mail Armor
57:28 Blast Furnace
57:32 Fortified Wall
58:13 Crossbowman
59:45 Arbalester
GKT_Cloud
6:38 Loom
8:45 Feudal Age
9:42 Double-Bit Axe
12:16 Horse Collar
16:59 Wheelbarrow
20:01 Castle Age
21:28 Bow Saw
23:32 Hand Cart
28:27 Gold Mining
30:10 Town Watch
33:41 Imperial Age
31:50 Husbandry
32:01 Bloodlines
31:57 Scale Barding Armor
33:57 Chain Barding Armor
32:58 Vendel Legacy
33:48 Cavalier
35:35 Plate Barding Armor
35:11 Forging
36:35 Conscription
37:59 Iron Casting
38:41 Caravan
38:16 Onager
40:09 Blast Furnace
39:00 Fletching
38:53 Onager
40:35 Heavy Plow
41:08 Coinage
43:17 Light Cavalry
51:47 Two-Man Saw
51:17 Crop Rotation
53:46 Capped Ram
55:06 Siege Ram
[LuB]a61
8:17 Loom
10:33 Feudal Age
11:45 Double-Bit Axe
14:29 Castle Age
12:47 Horse Collar
16:07 Bow Saw
20:56 Wheelbarrow
22:16 Gold Mining
23:27 Hand Cart
24:36 Sanctity
24:49 Fletching
25:00 Crossbowman
25:42 Bodkin Arrow
26:46 Ballistics
28:08 Heavy Plow
28:07 Stone Mining
32:45 Imperial Age
30:48 Town Watch
31:12 Scale Mail Armor
30:59 Treadmill Crane
31:23 Pikeman
32:04 Squires
32:43 Chain Mail Armor
32:40 Forging
32:41 Guard Tower
33:57 Plate Mail Armor
32:49 Shield Wall
33:50 Conscription
32:51 Halberdier
32:53 Capped Ram
35:07 Keep
34:53 Arrowslits
35:21 Siege Ram
36:17 Arbalester
37:03 Thumb Ring
37:07 Bracer
37:24 Caravan
39:03 Chemistry
38:08 Siege Engineers
40:33 Masonry
43:04 Architecture
42:57 Town Patrol
43:59 Block Printing
44:19 Theocracy
44:11 Illumination
45:04 Chemistry
44:06 Padded Archer Armor
45:52 Redemption
46:18 Theocracy
48:04 Clerical Recruitment
58:31 Forging
62:47 Herbal Medicine
63:27 Theocracy
DemonSheep
7:29 Loom
10:10 Feudal Age
8:40 Loom
10:46 Feudal Age
14:36 Castle Age
12:57 Double-Bit Axe
13:09 Horse Collar
15:38 Bow Saw
25:35 Fletching
27:50 Wheelbarrow
29:30 Heavy Plow
30:39 Forging
30:30 Scale Mail Armor
30:40 Town Watch
30:51 Town Watch
33:59 Imperial Age
31:53 Squires
31:38 Arson
32:31 Chain Mail Armor
32:47 Gambesons
33:31 Hand Cart
33:46 Bodkin Arrow
34:27 Iron Casting
33:37 Pikeman
34:02 Hamask
35:20 Plate Mail Armor
34:40 Halberdier
35:41 Conscription
37:07 Blast Furnace
36:28 Elite Jomsviking
37:53 Bracer
37:46 Guard Tower
39:06 Capped Ram
40:31 Siege Ram
41:29 Caravan
43:08 Siege Engineers
43:00 Murder Holes
45:35 Ballistics
46:16 Chemistry
48:16 Coinage
48:07 Heavy Scorpion
52:47 Masonry
62:45 Hoardings
Happytheandy
5:33 Loom
8:26 Feudal Age
8:55 Double-Bit Axe
16:24 Forging
20:08 Castle Age
20:25 Light Cavalry
21:23 Bow Saw
22:06 Wheelbarrow
23:17 Husbandry
23:40 Scale Barding Armor
25:06 Chain Barding Armor
32:02 Imperial Age
30:33 Iron Casting
29:56 Gold Mining
31:48 Gold Shaft Mining
32:09 Stone Mining
33:19 Plate Barding Armor
32:09 Cavalier
33:25 Hand Cart
34:11 Caravan
35:52 Chemistry
34:13 Paladin
35:14 Town Watch
38:23 Blast Furnace
39:17 Conscription
41:42 Chivalry
48:16 Coinage
47:33 Capped Ram
50:37 Fletching
52:18 Ballistics
57:15 Bodkin Arrow
58:25 Murder Holes
62:51 Siege Engineers
DanMT
6:17 Loom
8:32 Feudal Age
11:34 Wheelbarrow
11:51 Double-Bit Axe
11:47 Horse Collar
20:35 Castle Age
19:06 Gold Mining
21:35 Bow Saw
22:26 Stone Mining
24:07 Town Watch
29:15 Hand Cart
33:23 Imperial Age
31:20 Scale Mail Armor
31:21 Squires
31:39 Heavy Plow
32:32 Fortified Wall
32:42 Chain Mail Armor
33:29 Guard Tower
33:59 Ballistics
33:30 Fletching
33:50 Forging
34:49 Plate Mail Armor
33:42 Shield Wall
34:43 Conscription
35:17 Iron Casting
34:33 Fletching
34:45 Arson
35:30 Caravan
36:30 Ballistics
37:10 Chemistry
37:16 Hoardings
37:39 Masonry
38:05 Keep
38:00 Elite Hearth Troop
39:03 Bodkin Arrow
38:44 Capped Ram
40:32 Two-Man Saw
40:05 Bracer
41:37 Gold Shaft Mining
41:38 Guilds
41:58 Coinage
42:28 Architecture
42:43 Man-at-Arms
43:09 Gambesons
44:02 Siege Engineers
43:37 Treadmill Crane
43:43 Arrowslits
55:16 Banking
57:36 Siege Ram
60:37 Onager
theMole
7:13 Loom
11:46 Feudal Age
13:13 Double-Bit Axe
15:45 Castle Age
13:27 Horse Collar
16:51 Bow Saw
16:42 Heavy Plow
23:44 Wheelbarrow
25:27 Hand Cart
28:40 Gold Mining
28:40 Stone Mining
31:56 Imperial Age
29:29 Padded Archer Armor
30:09 Caravan
31:15 Leather Archer Armor
32:09 Bloodlines
32:00 Husbandry
33:08 Ring Archer Armor
33:05 Conscription
32:45 Elite Conquistador
36:54 Masonry
38:15 Coinage
38:56 Architecture
39:03 Hoardings
38:54 Supremacy
42:28 Banking
43:58 Chemistry
47:42 Fortified Wall
48:25 Devotion
62:55 Fletching
63:26 Ballistics
64:19 Bodkin Arrow
64:29 Murder Holes
65:20 Bracer
YoungPanda
6:07 Loom
6:18 Loom
9:10 Feudal Age
10:01 Double-Bit Axe
9:57 Horse Collar
18:37 Castle Age
20:38 Heavy Plow
21:28 Bow Saw
23:22 Wheelbarrow
26:25 Hand Cart
30:54 Imperial Age
29:13 Fortified Wall
29:47 Husbandry
29:57 Bloodlines
29:53 Scale Barding Armor
32:01 Chain Barding Armor
31:38 Stone Mining
32:04 Elite Jarl
33:43 Plate Barding Armor
33:01 Town Watch
34:31 Forging
34:42 Caravan
35:52 Iron Casting
38:10 Blast Furnace
37:39 Conscription
38:53 Siege Engineers
38:38 Onager
39:31 Fletching
42:27 Guilds
43:13 Capped Ram
45:13 Crop Rotation
45:44 Two-Man Saw
45:39 Masonry
46:31 Bodkin Arrow
46:21 Siege Ram
47:28 Devotion
48:10 Coinage
49:47 Faith
51:37 Architecture
52:08 Chemistry
51:29 Ballistics
51:12 Bracer
53:49 Banking
58:36 Treadmill Crane
58:52 Murder Holes
Connection lost

Rejoining the realm…

Still unreachable

The connection could not be restored.

Session expired

The server has moved on; the page needs a fresh start.